 Dungeon Crawl Stone Soup version 0.20.1-1-g8b1a95d (webtiles) character file.

16610 birkhead the Grappler (level 12, -1/131 HPs)
             Began as a Troll Monk on Dec 13, 2017.
             Slain by Vodalian's ghost (24 damage)
             ... on level 12 of the Dungeon.
             The game lasted 01:34:15 (8449 turns).

birkhead the Grappler (Troll Monk)                  Turns: 8449, Time: 01:34:16

Health: -1/131     AC: 12    Str: 31    XL:     12   Next: 11%
Magic:  11/11      EV: 10    Int:  6    God:
Gold:   206        SH:  0    Dex: 12    Spells: 11/11 levels left

rFire    . . .     SeeInvis .     - Unarmed
rCold    . . .     Gourm    +   (no shield)
rNeg     . . .     Faith    .   P - +0 acid dragon scales
rPois    .         Spirit   .   U - +1 hat
rElec    .         Reflect  .   r - +0 cloak
rCorr    +         Harm     .   (gloves unavailable)
MR       +....                  (boots unavailable)
Stlth    +.........             (no amulet)
Regen    0.8/turn               f - ring of protection from magic
MPRegen  0.2/turn               K - ring of resist corrosion

@: mighty, hasted, very quick
A: unfitting armour, claws 3, fast metabolism 3, gourmand, regeneration 1,
shaggy fur 1, tough skin 2
a: no special abilities


You were on level 12 of the Dungeon.
You were full.

You visited 2 branches of the dungeon, and saw 13 of its levels.

You collected 570 gold pieces.
You spent 364 gold pieces at shops.

Inventory:

Hand Weapons
 x - a +0 giant spiked club of crushing
Missiles
 o - 6 javelins (quivered)
 v - 31 poisoned needles
 J - 6 tomahawks
Armour
 a - a +0 robe
 q - a scarf of resistance
 r - a +0 cloak (worn)
 P - +0 acid dragon scales (worn)
 U - a +1 hat (worn)
Jewellery
 f - a ring of protection from magic (left claw)
 g - an uncursed ring of ice
 K - a ring of resist corrosion (right claw)
Wands
 t - a wand of paralysis (10/24)
 w - a wand of scattershot (2/9)
 y - a wand of confusion (16/48)
 D - a wand of digging (0/24)
 E - a wand of polymorph (13/24)
 F - a wand of lightning (9/15)
 I - a wand of iceblast (7/15)
 L - a wand of iceblast (9/15)
 O - a wand of polymorph (2/24)
 R - a wand of random effects (25/48)
 T - a wand of digging (7/24)
Scrolls
 e - 2 scrolls of blinking
 i - 4 scrolls of magic mapping
 k - 3 scrolls of amnesia
 n - a scroll of fear
 u - 5 scrolls of remove curse
 z - 2 scrolls of fog
 G - a scroll of recharging
Potions
 c - 2 potions of invisibility
 l - 4 potions of brilliance
 p - 5 potions of curing
 A - a potion of lignification
 C - a potion of might
 H - a potion of ambrosia
 M - 2 potions of flight
 Q - a potion of agility
Comestibles
 b - 8 bread rations
 d - 11 chunks of flesh
 j - 6 royal jellies
 m - 42 fruits
 s - 8 meat rations


   Skills:
 + Level 11.6 Fighting
 + Level 3.5 Armour
 - Level 2.4 Dodging
 - Level 1.0 Stealth
 + Level 13.7 Unarmed Combat


You had 11 spell levels left.
You didn't know any spells.

Dungeon Overview and Level Annotations

Branches:
Dungeon (12/15)            Temple (1/1) D:6            Lair (0/6) D:11
    Orc (0/2) D:11

Altars:
Ashenzari
Cheibriados
Dithmenos
Elyvilon
Fedhas
Gozag
Hepliaklqana
Kikubaaqudgha
Makhleb
Nemelex Xobeh
Okawaru
Qazlal
Ru
Sif Muna
Trog
Uskayaw
Vehumet
Xom
Yredelemnul
Zin
The Shining One

Shops:
D:6 :   D:9 !   D:10 **

Annotations:
D:12 Vodalian's ghost, journeyman MiBe


Innate Abilities, Weirdness & Mutations

You are too large for most types of armour.
You have claws for hands.
Your metabolism is lightning-fast.
You like to eat raw meat.
Your natural rate of healing is unusually fast.
You are covered in fur. (AC +1)
You have very tough skin. (AC +2)


Message History

You feel less confused. Vodalian's ghost barely misses you.
You closely miss Vodalian's ghost. Your claw misses Vodalian's ghost.
Vodalian's ghost is almost destroyed.
You barely miss Vodalian's ghost.
Vodalian's ghost is almost destroyed.
Vodalian's ghost hits you but does no damage.
You scratch Vodalian's ghost but do no damage.
Vodalian's ghost is almost destroyed.
You scratch Vodalian's ghost.
Vodalian's ghost is almost destroyed.
Vodalian's ghost hits you!!
* * * LOW HITPOINT WARNING * * *
You barely miss Vodalian's ghost.
Vodalian's ghost is almost destroyed.
You closely miss Vodalian's ghost.
You claw Vodalian's ghost, but do no damage.
Vodalian's ghost is almost destroyed.
Vodalian's ghost hits you!!
You die...

#...#####...#..#
#...#...#...'..#
#.......'...#
#.......########
#####...#......#
#..............#
#...H..........#####
##W##...########....
#..@#.......#..#....
#.).#.......#..#....
#...#########..#####
#...................
#...................
#...........?.......
##+######...........
#....####### #....#


You could see Vodalian's ghost.

Vanquished Creatures
  Azrael (D:12)
  Snorg (D:10)
  3 two-headed ogres
  A tengu warrior (D:11)
  Pikel (D:4)
  An ugly thing (D:11)
  A deep elf mage (D:12)
  Maurice (D:12)
  Joseph (D:8)
  Psyche (D:10)
  3 hippogriffs
  Sigmund (D:2)
  2 wyverns (D:12)
  A shadow (D:12)
  3 yaks (D:11)
  2 fire elementals (D:12)
  A wraith (D:12)
  Eustachio (D:6)
  2 hungry ghosts
  Menkaure (D:7)
  An acid dragon (D:11)
  6 hell hounds
  4 ice beasts
  3 black bears
  6 orc warriors
  A sky beast (D:8)
  An eye of draining (D:6)
  5 phantoms
  7 ogres
  6 centaurs
  A crocodile (D:10)
  4 bullfrogs
  A gnoll sergeant (D:10)
  A scorpion (D:7)
  24 wights
  4 howler monkeys
  5 crimson imps
  3 centaur zombies
  9 hounds
  6 jellies
  11 orc priests
  8 orc wizards
  3 bullfrog skeletons
  A centaur skeleton (D:5)
  5 iguanas
  4 worker ants
  A howler monkey zombie (D:7)
  A worker ant zombie (D:6)
  4 gnolls (D:10)
  A howler monkey skeleton (D:6)
  10 adders
  A shadow imp (D:12)
  An ooze (D:1)
  A worm (D:3)
  2 dart slugs
  6 leopard geckos
  42 orcs
  5 bats
  4 giant cockroaches
  4 goblins
  7 hobgoblins
  9 jackals
  4 quokkas
  6 frilled lizards
  6 kobolds
  A quokka skeleton (D:7)
  3 rats
  A plant (D:11)
279 creatures vanquished.

Vanquished Creatures (others)
  An iguana (D:4)
1 creature vanquished.

Grand Total: 280 creatures vanquished

Notes
Turn   | Place    | Note
-------+----------+-------------------------------------------
     0 | D:1      | birkhead the Troll Monk began the quest for the Orb.
     0 | D:1      | Reached XP level 1. HP: 22/22 MP: 0/0
   189 | D:1      | Reached XP level 2. HP: 27/29 MP: 1/1
   649 | D:2      | Reached XP level 3. HP: 28/37 MP: 2/2
   792 | D:2      | Noticed Sigmund
   804 | D:2      | Killed Sigmund
   804 | D:2      | Reached skill level 4 in Unarmed Combat
   804 | D:2      | Reached XP level 4. HP: 41/48 MP: 3/3
   804 | D:2      | Reached XP level 5. HP: 47/54 MP: 4/4
  1182 | D:2      | Found a sparkling altar of Nemelex Xobeh.
  1185 | D:2      | Found a hide-covered altar of Uskayaw.
  1188 | D:2      | Found a glowing silver altar of Zin.
  1734 | D:3      | Reached skill level 5 in Unarmed Combat
  2102 | D:4      | Noticed Pikel
  2102 | D:4      | Noticed a slave
  2102 | D:4      | Noticed a slave
  2102 | D:4      | Noticed a slave
  2102 | D:4      | Noticed a slave
  2148 | D:4      | Killed Pikel
  2148 | D:4      | Reached skill level 5 in Fighting
  2148 | D:4      | Reached skill level 6 in Unarmed Combat
  2148 | D:4      | Reached XP level 6. HP: 23/66 MP: 5/5
  2148 | D:4      | Reached XP level 7. HP: 25/72 MP: 6/6
  2623 | D:5      | Entered Level 5 of the Dungeon
  2628 | D:5      | Reached skill level 7 in Unarmed Combat
  2747 | D:5      | Reached XP level 8. HP: 75/83 MP: 7/7
  2861 | D:5      | Found a radiant altar of Vehumet.
  3115 | D:6      | Found Tezxiss's Book Shop.
  3117 | D:6      | Noticed a two-headed ogre
  3185 | D:6      | Killed a two-headed ogre
  3185 | D:6      | Reached skill level 9 in Unarmed Combat
  3185 | D:6      | Reached XP level 9. HP: 62/93 MP: 8/8
  3209 | D:6      | Found a blossoming altar of Fedhas.
  3211 | D:6      | Noticed a two-headed ogre
  3225 | D:6      | Killed a two-headed ogre
  3584 | D:6      | Reached skill level 10 in Unarmed Combat
  3716 | D:6      | Noticed Eustachio
  3726 | D:6      | Killed Eustachio
  3766 | D:6      | Found a staircase to the Ecumenical Temple.
  3775 | Temple   | Entered the Ecumenical Temple
  4156 | D:7      | Reached XP level 10. HP: 97/106 MP: 9/9
  4548 | D:7      | Noticed Menkaure
  4552 | D:7      | Killed Menkaure
  4552 | D:7      | Reached skill level 11 in Unarmed Combat
  4677 | D:8      | Noticed Joseph
  4689 | D:8      | Killed Joseph
  5108 | D:8      | Found a burning altar of Makhleb.
  5415 | D:9      | Reached skill level 10 in Fighting
  5430 | D:9      | Found Lagikkusm's Distillery.
  5435 | D:9      | Bought a potion of heal wounds for 65 gold pieces
  5435 | D:9      | Bought a potion of ambrosia for 104 gold pieces
  5435 | D:9      | Bought a potion of curing for 39 gold pieces
  5435 | D:9      | Bought a potion of curing for 39 gold pieces
  5435 | D:9      | Bought a potion of might for 52 gold pieces
  5709 | D:10     | Entered Level 10 of the Dungeon
  5748 | D:10     | Reached skill level 12 in Unarmed Combat
  5798 | D:10     | Found Zuiguoc's General Store.
  5848 | D:10     | Found Jolul's General Store.
  5851 | D:10     | Bought a scroll of identify for 26 gold pieces
  5851 | D:10     | Bought a scroll of remove curse for 39 gold pieces
  5933 | D:10     | Noticed Psyche
  5942 | D:10     | Killed Psyche
  5982 | D:10     | Reached XP level 11. HP: 101/119 MP: 10/10
  6214 | D:10     | Noticed a two-headed ogre
  6228 | D:10     | Killed a two-headed ogre
  6597 | D:10     | Noticed Snorg
  6605 | D:10     | Killed Snorg
  6699 | D:11     | Noticed a red ugly thing
  6709 | D:11     | Killed a red ugly thing
  6902 | D:11     | Found a staircase to the Orcish Mines.
  6962 | D:11     | Found a staircase to the Lair.
  6970 | D:11     | Reached skill level 13 in Unarmed Combat
  7187 | D:11     | Reached skill level 1 in Armour
  7221 | D:11     | Noticed a tengu warrior
  7234 | D:11     | Killed a tengu warrior
  7460 | D:12     | Noticed Maurice
  7481 | D:12     | Killed Maurice
  7643 | D:12     | Noticed Azrael
  7654 | D:12     | HP: 2/120 [Azrael/damnation (44)]
  7657 | D:12     | Killed Azrael
  7657 | D:12     | Reached XP level 12. HP: 19/130 MP: 11/11
  8411 | D:12     | Noticed Vodalian's ghost (journeyman MiBe)
  8449 | D:12     | Slain by Vodalian's ghost

Skill      XL: |  1  2  3  4  5  6  7  8  9 10 11 |
---------------+----------------------------------+-----
Fighting       | 3 4 5 6 7 8 10 11 | 11.6
Unarmed Combat | 4 6 7 9 10 12 13 | 13.7
Armour         | 3 |  3.5
Dodging        | |  2.4
Stealth        | |  1.0

Action                   |  1- 3 |  4- 6 |  7- 9 | 10-12 || total
-------------------------+-------+-------+-------+-------++-------
Melee: Unarmed           |    63 |    67 |   196 |   507 ||   833
       Punch             |     3 |       |    10 |    30 ||    43
Throw: Javelin           |       |       |     6 |     8 ||    14
Evoke: Wand              |       |       |     1 |     2 ||     3
  Use: Potion            |     1 |     2 |       |     8 ||    11
       Scroll            |       |     4 |     8 |    14 ||    26
 Stab: Sleeping          |     2 |     2 |     1 |       ||     5
       Invisible         |     1 |       |       |       ||     1
       Distracted        |       |       |       |     1 ||     1
  Eat: Chunk             |    13 |    10 |    20 |    38 ||    81
Armor: Robe              |    16 |    10 |    31 |    66 ||   123
       Acid dragon scale |       |       |       |    43 ||    43
       Skin              |       |       |       |     5 ||     5
Dodge: Dodged            |    23 |    23 |    82 |   163 ||   291
